 Dungeon Crawl Stone Soup version 0.24.1-14-gf8d2b509d9 (webtiles) character file.

Game seed: 8098177680888589523, levelgen mode: deterministic

8236 Hugehornet the Basher (level 11, -2/96 HPs)
             Began as a Gargoyle Fighter on May 24, 2020.
             Was a Priest of Cheibriados.
             Slain by a vampire (7 damage)
             ... on level 9 of the Dungeon.
             The game lasted 00:16:44 (7860 turns).

Hugehornet the Basher (Gargoyle Fighter)            Turns: 7860, Time: 00:16:45

Health: -2/96      AC: 25    Str: 28    XL:     11   Next: 27%
Magic:  13/13      EV:  2    Int: 22    God:    Cheibriados [***...]
Gold:   515        SH: 13    Dex: 21    Spells: 10/10 levels left

rFire    . . .     SeeInvis .   L - +1 flail (protect)
rCold    . . .     Gourm    .   c - +0 shield
rNeg     + + +     Faith    .   (armour currently unavailable)
rPois    ∞         Spirit   .   (helmet currently unavailable)
rElec    .         Reflect  .   (cloak currently unavailable)
rCorr    .         Harm     .   (gloves currently unavailable)
MR       .....     NoTele   +   (boots currently unavailable)
Stlth    +++.......             F - amulet of regeneration
HPRegen  0.66/turn              D - +4 ring of intelligence
MPRegen  0.13/turn              (no ring)

@: agile, tree-form, very slow
A: negative energy resistance 1, petrification resistance, rot immunity, AC +8
a: Bend Time, Temporal Distortion, Renounce Religion


You were on level 9 of the Dungeon.
You worshipped Cheibriados.
Cheibriados was most pleased with you.
You were hungry.
You were a tree.
You visited 2 branches of the dungeon, and saw 10 of its levels.

You collected 515 gold pieces.

Inventory:

Hand Weapons
 a - a +0 flail
 d - a +0 trident of flaming
 y - a +1 whip of freezing
 A - a +6 war axe
 L - a +1 flail of protection (weapon)
Armour
 c - a +0 shield (worn)
 p - a +0 chain mail (melded)
 q - a +0 cloak (melded)
 s - a +1 pair of gloves (melded)
 w - a +0 helmet (melded)
 C - a +0 pair of boots (melded)
Jewellery
 D - a +4 ring of intelligence (left branch)
 F - an amulet of regeneration (around neck)
Wands
 l - a wand of enslavement (12)
 J - a wand of disintegration (12)
 K - a wand of polymorph (11)
Scrolls
 b - a scroll of enchant weapon {unknown}
 i - a scroll of noise {unknown}
 j - 3 scrolls of teleportation {unknown}
 k - 3 scrolls of amnesia {unknown}
 n - 3 scrolls of remove curse
 u - 2 scrolls of fear {unknown}
 v - a scroll of immolation {unknown}
 x - a scroll of magic mapping {unknown}
 E - 3 scrolls of blinking {unknown}
 H - a scroll of enchant armour {unknown}
 I - a scroll of random uselessness {unknown}
Potions
 e - a potion of mutation
 g - 2 potions of flight
 m - a potion of magic
 o - a potion of cancellation
 r - a potion of brilliance
Comestibles
 f - 23 rations
 G - 9 chunks of flesh


   Skills:
 + Level 6.0 Fighting
 - Level 14.2 Maces & Flails
 * Level 8.1 Armour
 * Level 8.1 Shields
 - Level 3.0 Invocations


You had 10 spell levels left.
You didn't know any spells.
Your spell library was empty.

Dungeon Overview and Level Annotations

Branches:
Dungeon (9/15)             Temple (1/1) D:4             Orc (0/2) D:9
   Lair: D:8-11

Altars:
Ashenzari
Cheibriados
Dithmenos
Elyvilon
Fedhas
Gozag
Hepliaklqana
Kikubaaqudgha
Makhleb
Nemelex Xobeh
Okawaru
Qazlal
Ru
Sif Muna
Trog
Uskayaw
Vehumet
Wu Jian
Xom
Yredelemnul
Zin
The Shining One

Shops:
D:9 (

Annotations:
D:8 Blork the orc


Innate Abilities, Weirdness & Mutations

You are resistant to torment.
((Your stone body is resilient. (AC +8)))
You are immune to poison.
You resist negative energy. (rN+)
((You are resistant to electric shocks. (rElec)))
((You can survive without breathing.))
You are immune to petrification.
You are immune to rotting.


Message History

You closely miss something. Something hits you.
Something bites you but does no damage.
You barely miss something. Something hits you but does no damage.
You block something's attack.
You feel agile all of a sudden.
Unholy energy fills the air.
You closely miss something. You miss something. You block something's attack.
Something bites you!
* * * LOW HITPOINT WARNING * * *
You barely miss something. Something hits you but does no damage.
Something bites you!
* * * LOW HITPOINT WARNING * * *
Really quaff the potion of lignification?
You turn into a tree.
Your +0 cloak melds into your body.
Your +0 helmet melds into your body.
Your +1 pair of gloves melds into your body.
Your +0 pair of boots melds into your body.
Your +0 chain mail melds into your body.
Your roots penetrate the ground.
Something hits you!
You die...

####### #####{♣...#
##########
#####..[......####.........
...>.....=........#.........
........♣.♣.......#.........
.........♣.♣......#.........
........♣.........#.........
.........♣........#.........
..................#......###
..................#.......#


There were no monsters in sight!

Vanquished Creatures
  Harold (D:7)
  3 two-headed ogres
  Pikel (D:5)
  An ugly thing (D:8)
  Joseph (D:8)
  A hippogriff (D:7)
  A wyvern (D:8)
  A human (D:8)
  4 hogs (D:8)
  A hungry ghost (D:8)
  A black bear (D:8)
  2 orc warriors (D:9)
  An ice beast (D:8)
  An eye of draining (D:8)
  A phantom (D:4)
  5 ogres
  2 centaurs
  4 big kobolds
  2 bullfrogs
  3 wights (D:8)
  3 howler monkeys
  3 crimson imps
  5 hounds
  2 quasits (D:7)
  A bullfrog zombie (D:8)
  Crazy Yiuf (D:7)
  A bullfrog skeleton (D:5)
  A jelly (D:7)
  A gnoll shaman (D:5)
  An iguana (D:5)
  2 orc wizards (D:4)
  4 worker ants
  A hound zombie (D:8)
  4 gnolls (D:5)
  13 adders
  2 shadow imps (D:5)
  An ooze (D:2)
  2 adder skeletons
  2 worms (D:2)
  3 dart slugs
  8 leopard geckos
  11 orcs
  A giant cockroach (D:2)
  7 goblins
  13 hobgoblins
  5 jackals
  27 kobolds
  5 quokkas
  5 bats
  3 frilled lizards
  A quokka skeleton (D:7)
  7 rats
  A fungus (D:7)
184 creatures vanquished.

Vanquished Creatures (others)
  An ice beast (D:5)
1 creature vanquished.

Grand Total: 185 creatures vanquished

Notes
Turn   | Place    | Note
-------+----------+-------------------------------------------
     0 | D:1      | Hugehornet the Gargoyle Fighter began the quest for the
                  | Orb.
     0 | D:1      | Reached XP level 1. HP: 14/14 MP: 1/1
   115 | D:1      | Reached XP level 2. HP: 19/19 MP: 2/2
   251 | D:1      | Reached skill level 3 in Maces & Flails
   754 | D:1      | Reached XP level 3. HP: 20/23 MP: 3/3
  1194 | D:2      | Reached skill level 4 in Maces & Flails
  1270 | D:2      | Reached XP level 4. HP: 21/28 MP: 4/4
  1981 | D:3      | Found a hide-covered altar of Uskayaw.
  2309 | D:3      | Reached skill level 5 in Maces & Flails
  2315 | D:3      | Reached XP level 5. HP: 32/32 MP: 5/5
  3215 | D:4      | Noticed an ogre
  3223 | D:4      | Killed an ogre
  3223 | D:4      | Reached skill level 6 in Maces & Flails
  3223 | D:4      | Reached XP level 6. HP: 37/37 MP: 6/6
  3371 | D:4      | Noticed a phantom
  3389 | D:4      | Killed a phantom
  3389 | D:4      | Reached skill level 7 in Maces & Flails
  3389 | D:4      | Reached XP level 7. HP: 21/41 MP: 7/7
  3817 | D:4      | Found a staircase to the Ecumenical Temple.
  3831 | Temple   | Entered the Ecumenical Temple
  3852 | Temple   | Became a worshipper of Cheibriados the Contemplative
  4211 | D:5      | Entered Level 5 of the Dungeon
  4215 | D:5      | Reached skill level 8 in Maces & Flails
  4564 | D:5      | Reached skill level 14 in Maces & Flails
  4564 | D:5      | Reached XP level 8. HP: 46/46 MP: 8/8
  4670 | D:5      | Noticed Pikel
  4698 | D:5      | Killed Pikel
  4698 | D:5      | Reached skill level 1 in Invocations
  4698 | D:5      | Reached XP level 9. HP: 39/51 MP: 9/9
  4875 | D:5      | Found a blossoming altar of Fedhas.
  5137 | D:6      | Reached * piety under Cheibriados
  5633 | D:7      | Noticed an angel
  5634 | D:7      | Found a glowing silver altar of Zin.
  5634 | D:7      | Found a shimmering altar of Xom.
  5864 | D:7      | Reached ** piety under Cheibriados
  5864 | D:7      | Reached skill level 5 in Armour
  5864 | D:7      | Reached skill level 5 in Shields
  5950 | D:7      | Found a burning altar of Makhleb.
  6044 | D:7      | Found an ancient bone altar of Kikubaaqudgha.
  6048 | D:7      | Found a stormy altar of Qazlal.
  6050 | D:7      | Found a hazy altar of Hepliaklqana.
  6055 | D:7      | Found a glowing golden altar of the Shining One.
  6240 | D:7      | Noticed Harold
  6272 | D:7      | Killed Harold
  6272 | D:7      | Reached XP level 10. HP: 43/58 MP: 10/12
  6364 | D:7      | Found a bloodstained altar of Trog.
  6364 | D:7      | Found a blossoming altar of Fedhas.
  6377 | D:7      | Found an ancient bone altar of Kikubaaqudgha.
  6602 | D:7      | Found a runed translucent door.
  6603 | D:7      | Noticed Crazy Yiuf
  6610 | D:7      | Killed Crazy Yiuf
  6708 | D:8      | Noticed Joseph
  6742 | D:8      | Noticed a two-headed ogre
  6763 | D:8      | Killed a two-headed ogre
  6806 | D:8      | Noticed a two-headed ogre
  6839 | D:8      | Killed a two-headed ogre
  6839 | D:8      | Reached skill level 5 in Fighting
  7103 | D:8      | Killed Joseph
  7118 | D:8      | Noticed a green ugly thing
  7139 | D:8      | Killed a green ugly thing
  7199 | D:8      | Noticed Blork the orc
  7207 | D:8      | Found a shimmering blue altar of Sif Muna.
  7396 | D:8      | Reached XP level 11. HP: 64/64 MP: 13/13
  7485 | D:8      | Reached *** piety under Cheibriados
  7698 | D:9      | Noticed a two-headed ogre
  7730 | D:9      | Killed a two-headed ogre
  7757 | D:9      | Found a staircase to the Orcish Mines.
  7759 | D:9      | Found Giohyrurr's Weapon Shoppe.
  7859 | D:9      | HP: 3/64 [something (9)]
  7860 | D:9      | Slain by a vampire

Levels and vault maps discovered:
D:1:      grunt_arrival_lava_bath, layout_basic, kennysheep_decorative_pillar
D:2:      layout_basic, first_ration
D:3:      layout_basic, eat_drink_and_be_merry_uskayaw
D:4:      layout_loops_ring, minmay_temple_entry_junction, serial_forest,
          infiniplex_forest_lined_corner, infiniplex_forest_lined_3,
          infiniplex_forest_straight_1, infiniplex_forest_clump_long,
          infiniplex_forest_fountain, infiniplex_forest_lined_corner,
          infiniplex_forest_clump_tiny, infiniplex_forest_clump_curved,
          infiniplex_forest_clump_tiny, infiniplex_forest_fountain,
          minmay_misc_feat_alley
D:5:      layout_cave_pools, basic_altar, uniq_pikel
D:6:      layout_rooms
D:7:      layout_loops_ring, grunt_temple_overflow_order_and_chaos_1,
          bloody_makhleb, minitemple, gammafunk_temple_overflow_elements,
          basic_altar, uniq_harold, uniq_crazy_yiuf_cottage
D:8:      kennysheep_big_flooded_room, layout_rooms, grunt_livestock, tgw_sif,
          uniq_joseph
D:9:      layout_gridville, david_lair_shrubbed, orc_david_3, chequers_garden,
          minmay_crystal_water
Temple:   nicolae_temple_hex_pool

Skill      XL: |  1  2  3  4  5  6  7  8  9 10 11 |
---------------+----------------------------------+-----
Maces & Flails | 3 4 5 6 7 14 | 14.2
Armour         | 4 5 7 8 |  8.1
Shields        | 4 5 7 8 |  8.1
Invocations    | 1 3 |  3.0
Fighting       | 4 5 6 |  6.0

Action                   |  1- 3 |  4- 6 |  7- 9 | 10-12 || total
-------------------------+-------+-------+-------+-------++-------
Melee: Flail             |   100 |   204 |   157 |    16 ||   477
       Whip              |       |       |   201 |   359 ||   560
       Trident           |       |       |       |    11 ||    11
  Use: Scroll            |       |     2 |     6 |     7 ||    15
       Potion            |       |     1 |     1 |     6 ||     8
  Eat: Chunk             |     1 |     7 |     8 |     3 ||    19
       Ration            |       |       |       |     1 ||     1
Armor: Scale mail        |    73 |    21 |       |       ||    94
       Chain mail        |       |    90 |   155 |   141 ||   386
       Skin              |       |       |       |     9 ||     9
Dodge: Dodged            |    47 |    34 |    71 |    47 ||   199
Block: Shield            |    68 |    99 |   129 |   139 ||   435
